 Dungeon Crawl Stone Soup version 0.29-a0-121-g8efb068a30 (webtiles) character file.

Game seed: 15497528769350145744

12464 Foxy the Impaler (level 11, -6/92 HPs)
             Began as a Merfolk Berserker on Feb 20, 2022.
             Was an Elder of Trog.
             Mangled by a killer bee (10 damage)
             ... on level 12 of the Dungeon.
             The game lasted 00:16:02 (11345 turns).

Foxy the Impaler (Merfolk Berserker)               Turns: 11345, Time: 00:16:02

Health: -6/92      AC: 11    Str: 20 (21) XL:     11   Next: 93%
Magic:  3/11       EV: 22    Int:  1 (2)  God:    Trog [****..]
Gold:   476        SH:  0    Dex: 15 (18) Spells: 10/10 levels left

rFire   . . .      SeeInvis .   i - +0 scythe
rCold   + + .      Faith    .   (shield currently unavailable)
rNeg    . . .      Spirit   .   z - +1 leather armour of Tiale {-Cast +Inv Dex+3 Slay+4}
rPois   .          Reflect  .   M - +1 helmet "Noynol" {Rampage rC++ rCorr Int-4}
rElec   .          Harm     .   D - +0 cloak
rCorr   +          Rampage  +   O - +1 pair of gloves {infuse}
Will    .....      NoCast   +   C - +1 pair of boots
Stlth   +.........              H - amulet of the acrobat
HPRegen 0.25/turn               m - +4 ring of evasion
MPRegen 0.12/turn               E - +4 ring of slaying

@: on berserk cooldown, attractive, slowed, very slow
A: (nimble swimmer 2), mertail
a: Renounce Religion, Evoke Invisibility, Berserk, Trog's Hand, Brothers in Arms


You were on level 12 of the Dungeon.
You worshipped Trog.
Trog was greatly pleased with you.
You visited 1 branch of the dungeon, and saw 12 of its levels.

You collected 710 gold pieces.
You spent 234 gold pieces at shops.

Inventory:

Hand Weapons
 a - a +0 spear
 i - a +0 scythe (weapon)
 j - the +8 hand axe "Kidue" {antimagic, Str+2}
   (You found it on level 2 of the Dungeon)

   It reduces the magical energy of the wielder, and disrupts the spells and
   magical abilities of those it strikes.
   Natural abilities and divine invocations are not affected.
   Str:       It affects your strength (+2).
 F - a +1 trident of flaming
Missiles
 r - 19 poisoned darts (quivered)
 s - 2 curare-tipped darts
Armour
 x - a +3 ring mail of fire resistance
 y - a +0 scale mail of cold resistance
 z - the +1 leather armour of Tiale (worn) {-Cast +Inv Dex+3 Slay+4}
   (You found it on level 6 of the Dungeon)

   Dex:       It affects your dexterity (+3).
   Slay:      It affects your accuracy & damage with ranged weapons and melee
   (+4).
   +Inv:      It lets you turn invisible.
   -Cast:     It prevents spellcasting.
 C - a +1 pair of boots (worn)
 D - a +0 cloak (worn)
 M - the +1 helmet "Noynol" (worn) {Rampage rC++ rCorr Int-4}
   (You found it on level 10 of the Dungeon)

   Int:       It affects your intelligence (-4).
   rC:        It greatly protects you from cold.
   rCorr:     It protects you from acid and corrosion.
   Rampage:   It bestows one free step when moving towards enemies.
 O - a +1 pair of gloves of infusion (worn)
Jewellery
 m - a +4 ring of evasion (left hand)
 n - a ring of willpower
 p - an amulet of guardian spirit
 E - a +4 ring of slaying (right hand)
 H - an amulet of the acrobat (around neck)
Wands
 k - a wand of iceblast (3)
 J - a wand of polymorph (14)
Scrolls
 c - 4 scrolls of magic mapping
 d - 3 scrolls of immolation {unknown}
 f - 3 scrolls of blinking
 l - a scroll of torment
 q - 2 scrolls of fear {unknown}
 t - 4 scrolls of enchant weapon
 v - a scroll of brand weapon {unknown}
 w - 7 scrolls of teleportation
 I - a scroll of holy word
 L - a scroll of fog
Potions
 b - 4 potions of cancellation
 e - 3 potions of magic
 g - 2 potions of heal wounds
 o - a potion of lignification
 u - 2 potions of curing
 A - a potion of ambrosia
 K - a potion of resistance
 N - a potion of flight


   Skills:
 + Level 10.7 Fighting
 * Level 18.3 Polearms
 - Level 1.3 Armour
 + Level 12.2 Dodging
 + Level 3.5 Evocations


You had 10 spell levels left.
You didn't know any spells.
Your spell library was empty.

Dungeon Overview and Level Annotations

Branches:
Dungeon (12/15)            Temple (0/1) D:6            Lair (0/6) D:10
    Orc (0/2) D:9

Altars:
Ashenzari
Dithmenos
Kikubaaqudgha
Okawaru
Sif Muna
Vehumet
Xom
Yredelemnul
Beogh

Shops:
D:3 =   D:10 *   D:11 [

Annotations:
D:11 exclusion: obsidian statue


Innate Abilities, Weirdness & Mutations

((You are very nimble when in or above water. (Stealth+, EV+, Speed+++)))
Your lower body shifts to a powerful aquatic tail in water.


Message History

You hear an angry buzzing noise. x2
You hit the queen bee but do no damage.
The queen bee is lightly wounded.
The killer bee stings you.
* * * LOW HITPOINT WARNING * * *
Unknown command.
You slash the queen bee!
The queen bee is heavily wounded.
The killer bee stings you.
* * * LOW HITPOINT WARNING * * *
The killer bee stings you but does no damage.
The killer bee rages.
The queen bee stings you.
* * * LOW HITPOINT WARNING * * *
You slice the queen bee!!
The queen bee is almost dead.
The killer bee stings you!
* * * LOW HITPOINT WARNING * * *
The killer bee barely misses you.
The queen bee stings you but does no damage.
You hear an angry buzzing noise. x2
You slice the queen bee!!
You kill the queen bee!
Trog accepts your kill.
You are no longer berserk.
You are exhausted.
You feel yourself slow down. The killer bee completely misses you.
The killer bee barely misses you. The killer bee closely misses you.
You hear an angry buzzing noise. x2
You slash the killer bee!
The killer bee is heavily wounded.
The killer bee stings you.
* * * LOW HITPOINT WARNING * * *
The killer bee rages.
The killer bee misses you.
The killer bee rages.
The killer bee misses you.
The killer bee rages.
The killer bee completely misses you. The killer bee stings you!
You die...

###+####### #....
#.........# #....
#.........######....
#......)..#..^.'....
#.........'.####....
#.........### #....
######'#### #####
####.# ###@...#
#yy)#### #y### #y#
y..


#y.yy #y†yy† #.y..yy #†..yy.. You could see 6 killer bees.

Vanquished Creatures
  Gastronok (D:9)
  A boulder beetle (D:11)
  4 two-headed ogres
  A cyclops (D:9)
  2 gargoyles
  An unseen horror (D:10)
  A queen bee (D:12)
  A meliai (D:12)
  A slime creature (D:12)
  A wyvern (D:8)
  Sigmund (D:2)
  A wraith (D:10)
  11 yaks (D:10)
  A steam dragon (D:8)
  2 acid dragons
  2 water moccasins
  Duvessa (D:6)
  10 orc warriors
  A sky beast (D:6)
  A black bear (D:6)
  2 ice beasts
  2 centaurs
  A phantom (D:6)
  2 kobold brigands
  3 bullfrogs
  A wyvern zombie (D:5)
  2 scorpions
  A water moccasin zombie (D:7)
  A water moccasin skeleton (D:6)
  Dowan (D:6)
  10 killer bees
  3 howler monkeys (D:7)
  5 wights (D:8)
  An electric eel (D:9)
  A centaur skeleton (D:6)
  6 orc priests
  3 hounds (D:6)
  3 gnoll shamans
  5 iguanas
  Natasha (thrice) (D:2)
  16 orc wizards
  A gnoll (D:7)
  A howler monkey skeleton (D:7)
  6 adders
  2 white imps
  35 orcs
  6 ball pythons
  A bat (D:1)
  7 endoplasms
  4 giant cockroaches
  5 goblins
  4 hobgoblins
  5 jackals
  2 quokkas
  2 frilled lizards
  10 kobolds
  5 rats
213 creatures vanquished.

Notes
Turn   | Place    | Note
-------+----------+-------------------------------------------
     0 | D:1      | Foxy the Merfolk Berserker began the quest for the Orb.
     0 | D:1      | Reached XP level 1. HP: 18/18 MP: 1/1
   495 | D:1      | Reached XP level 2. HP: 20/24 MP: 2/2
  1067 | D:2      | Reached skill level 5 in Polearms
  1273 | D:2      | Noticed Sigmund
  1286 | D:2      | Killed Sigmund
  1287 | D:2      | Reached skill level 6 in Polearms
  1287 | D:2      | Reached XP level 3. HP: 31/31 MP: 3/3
  1287 | D:2      | Reached XP level 4. HP: 38/38 MP: 4/4
  1287 | D:2      | Reached XP level 5. HP: 43/43 MP: 5/5
  1323 | D:2      | Noticed Natasha
  1341 | D:2      | Killed Natasha
  1342 | D:2      | Reached skill level 7 in Polearms
  1393 | D:2      | Identified the +8 hand axe "Kidue" {antimagic, Str+2}
  1454 | D:2      | Noticed Natasha
  1456 | D:2      | Killed Natasha
  1457 | D:2      | Reached XP level 6. HP: 49/49 MP: 6/6
  1935 | D:2      | Noticed Natasha
  1941 | D:2      | Killed Natasha
  1954 | D:2      | Found a faded altar of an unknown god.
  2083 | D:3      | Found Letum's Jewellery Emporium.
  2284 | D:3      | Found a shimmering altar of Xom.
  2287 | D:3      | Found a shimmering altar of Xom.
  2287 | D:3      | Found a shimmering altar of Xom.
  2400 | D:3      | Found an ancient bone altar of Kikubaaqudgha.
  3045 | D:4      | Reached skill level 8 in Polearms
  3045 | D:4      | Reached skill level 5 in Dodging
  3125 | D:4      | Reached skill level 5 in Fighting
  3130 | D:4      | Reached ** piety under Trog
  3131 | D:4      | Reached XP level 7. HP: 46/56 MP: 5/7
  3275 | D:4      | You fall into a shaft and drop 1 floor!
  3275 | D:5      | Entered Level 5 of the Dungeon
  3492 | D:5      | Reached skill level 9 in Polearms
  4359 | D:5      | Found an iron altar of Okawaru.
  4577 | D:6      | Reached skill level 10 in Polearms
  4577 | D:6      | Reached XP level 8. HP: 61/64 MP: 8/8
  4602 | D:6      | Noticed Dowan
  4606 | D:6      | Noticed Duvessa
  4614 | D:6      | Killed Duvessa
  4617 | D:6      | Killed Dowan
  4796 | D:6      | Reached skill level 11 in Polearms
  5085 | D:6      | Reached skill level 12 in Polearms
  5085 | D:6      | Reached XP level 9. HP: 61/72 MP: 6/9
  5223 | D:6      | Identified the +1 leather armour of Tiale {-Cast +Inv Dex+3
                  | Slay+4}
  5468 | D:6      | Found a shadowy altar of Dithmenos.
  5644 | D:6      | Found a staircase to the Ecumenical Temple.
  5794 | D:7      | Reached skill level 13 in Polearms
  5798 | D:7      | Reached *** piety under Trog
  6325 | D:8      | Found a basalt altar of Yredelemnul.
  6572 | D:8      | Noticed a two-headed ogre
  6582 | D:8      | Killed a two-headed ogre
  6583 | D:8      | Reached skill level 14 in Polearms
  6691 | D:8      | Reached XP level 10. HP: 70/81 MP: 10/10
  7447 | D:9      | Noticed a cyclops
  7452 | D:9      | Killed a cyclops
  7453 | D:9      | Reached skill level 15 in Polearms
  7453 | D:9      | Reached skill level 10 in Dodging
  7695 | D:9      | Found a staircase to the Orcish Mines.
  7945 | D:9      | Found a radiant altar of Vehumet.
  7948 | D:9      | Noticed a two-headed ogre
  7958 | D:9      | Killed a two-headed ogre
  7959 | D:9      | Reached skill level 16 in Polearms
  8132 | D:9      | Noticed Gastronok
  8146 | D:9      | Killed Gastronok
  8147 | D:9      | Reached XP level 11. HP: 90/90 MP: 8/11
  8301 | D:9      | Reached **** piety under Trog
  8635 | D:10     | Entered Level 10 of the Dungeon
  8670 | D:10     | Reached skill level 17 in Polearms
  8805 | D:10     | Found a shimmering blue altar of Sif Muna.
  8826 | D:10     | Reached skill level 10 in Fighting
  8826 | D:10     | Reached skill level 1 in Evocations
  8875 | D:10     | Found a broken altar of Ashenzari.
  8890 | D:10     | Noticed a two-headed ogre
  8908 | D:10     | Killed a two-headed ogre
  9086 | D:10     | Found a staircase to the Lair.
  9569 | D:10     | Identified the +1 helmet "Noynol" {Rampage rC++ rCorr
                  | Int-4}
  9830 | D:10     | Found Seeg's General Store.
  9838 | D:10     | Bought a potion of flight for 36 gold pieces
  9838 | D:10     | Bought a +1 pair of gloves of infusion for 198 gold pieces
 10013 | D:11     | Noticed a two-headed ogre
 10021 | D:11     | Killed a two-headed ogre
 10266 | D:11     | Noticed an obsidian statue
 10640 | D:11     | Found Nuthran's Armour Emporium.
 10641 | D:11     | Noticed a boulder beetle
 10658 | D:11     | Killed a boulder beetle
 10659 | D:11     | Reached skill level 18 in Polearms
 10987 | D:11     | Gained mutation: You are weak. (Str -2) [a neqoxec]
 11082 | D:11     | Noticed a sun demon
 11122 | D:11     | Lost intelligence.
 11130 | D:11     | Lost mutation: You are weak. (Str -2) [potion of mutation]
 11130 | D:11     | Gained mutation: You have a somewhat thin skeletal
                  | structure. (Dex +2, Stealth+) [potion of mutation]
 11130 | D:11     | Lost mutation: You have a somewhat thin skeletal structure.
                  | (Dex +2, Stealth+) [potion of mutation]
 11345 | D:12     | HP: 4/92 [killer bee (4)]
 11345 | D:12     | Mangled by a killer bee

Illustrated notes

Levels and vault maps discovered:
D:1:      amcnicky_arrival_feature_with_door, layout_loops_corners
D:2:      layout_loops_ring, chequers_ecumenical_altar_grove, uniq_sigmund,
          uniq_natasha
D:3:      layout_loops_ring, mainiacjoe_overflow_alcove_4, xom_redecorated,
          serial_shops, nicolae_diamond_shop, chequers_serial_rivers_micro_b,
          columned_hall_lemuel
D:4:      layout_loops_corners
D:5:      minmay_spotlight, layout_cave_pools, lemuel_coloured_pillars_altar
D:6:      layout_loops_cross, nicolae_dithmenos_the_darkroom, temple_doors_ab,
          uniq_duvessa
D:7:      layout_rooms, minmay_bent
D:8:      layout_loops_cross, lemuel_crystal_altar
D:9:      layout_basic, old_standard_altar, minmay_orc_entry_temple_small,
          minivault_25_ag, kennysheep_generic_room_11, uniq_gastronok
D:10:     layout_cave_pools, mainiacjoe_overflow_surrounded_room,
          old_standard_altar, serial_shops, shop, serial_co_window_serial,
          co_window_corner_a, co_window_corner_a, co_window_paths_a,
          co_window_paths_a, co_window_of_opportunity_a,
          co_window_of_opportunity_b, co_window_of_opportunity_b,
          co_window_cross_3, co_window_unsneaky_path_a, glass_columns_a,
          glass_columns_a
D:11:     layout_basic, serial_shops, shop, minmay_protected_statue
D:12:     layout_roguey [special_room_bee]

Skill      XL: |  1  2  3  4  5  6  7  8  9 10 11 |
---------------+----------------------------------+-----
Dodging        | 3 4 5 6 7 9 11 12 | 12.2
Polearms       | 6 7 8 10 12 14 16 18 | 18.3
Fighting       | 4 5 7 8 9 10 | 10.7
Evocations     | 3 |  3.5
Armour         | |  1.3

Action                   |  1- 3 |  4- 6 |  7- 9 | 10-12 || total
-------------------------+-------+-------+-------+-------++-------
Melee: Spear             |    62 |       |       |       ||    62
       Punch             |     2 |       |       |       ||     2
       Scythe            |       |   108 |   220 |   283 ||   611
Throw: Dart              |       |       |     4 |       ||     4
Invok: Berserk           |     1 |     3 |    10 |     8 ||    22
  Use: Scroll            |       |       |     2 |    12 ||    14
       Potion            |       |       |       |     9 ||     9
 Stab: Sleeping          |     1 |       |       |       ||     1
       Distracted        |       |     1 |       |       ||     1
Armor: Animal skin       |     1 |       |       |       ||     1
       Ring mail         |    11 |    22 |    24 |       ||    57
       Scale mail        |       |       |     8 |       ||     8
       Leather armour    |       |       |    11 |    37 ||    48
Dodge: Dodged            |    15 |    75 |   258 |   284 ||   632

Table legend: (Time is in decaauts)
 A = Elapsed time spent in this place.
 B = Non-inter-level travel time spent in this place.
 C = Inter-level travel time spent in this place.
 D = Time resting spent in this place.
 E = Time spent auto-exploring this place.
 F = Levels seen in this place.
 G = Mean time per level.
                   A        B        C        D        E       F      G
               +--------+--------+--------+--------+--------+-----+--------+
         Total |  11798 |  11496 |    302 |   1932 |   7382 |  12 |  983.2 |
       Dungeon |  11798 |  11496 |    302 |   1932 |   7382 |  12 |  983.2 |
               +--------+--------+--------+--------+--------+-----+--------+

Top non-repeatable levels by time:
     D:6: 1335 daAuts
    D:11: 1307 daAuts
    D:10: 1292 daAuts
     D:8: 1244 daAuts
     D:9: 1194 daAuts
     D:1: 1048 daAuts
     D:2: 1026 daAuts
     D:3: 891 daAuts
     D:5: 837 daAuts
     D:4: 834 daAuts
     D:7: 549 daAuts
    D:12: 237 daAuts
